 Dungeon Crawl Stone Soup version 0.25-a0-24-g72dcfe0359 (webtiles) character file.

Game seed: 3559712123366170559, levelgen mode: deterministic

30 Dycilia the Grave Robber (level 3, -4/28 HPs)
             Began as a Hill Orc Necromancer on Oct 17, 2019.
             Killed by nerve-wracking pain
             ... invoked by Jessica
              (13 damage)
             ... on level 2 of the Dungeon.
             The game lasted 00:06:34 (1384 turns).

Dycilia the Grave Robber (Hill Orc Necromancer)     Turns: 1384, Time: 00:06:34

Health: -4/28      AC:  5    Str: 10    XL:     3   Next: 18%
Magic:  4/5        EV: 10    Int: 16    God:
Gold:   4          SH:  0    Dex: 11    Spells: 4/5 levels left

rFire    . . .     SeeInvis .   b - +0 dagger (venom)
rCold    . . .     Gourm    .   (no shield)
rNeg     . . .     Faith    .   i - +0 ring mail (curse)
rPois    .         Spirit   .   (no helmet)
rElec    .         Reflect  .   (no cloak)
rCorr    .         Harm     .   (no gloves)
MR       .....                  (no boots)
Stlth    +.........             (no amulet)
HPRegen  0.09/turn              (no ring)
MPRegen  0.09/turn              (no ring)

@: very slightly contaminated
A: no striking features
a: no special abilities


You were on level 2 of the Dungeon.
You were hungry.

You visited 1 branch of the dungeon, and saw 2 of its levels.

You collected 4 gold pieces.

Inventory:

Hand Weapons
 b - a +0 dagger of venom (weapon)
Armour
 a - a +0 robe
 f - a +0 scale mail
 i - a cursed +0 ring mail (worn)
Potions
 d - a potion of cancellation {unknown}
 e - 2 potions of might {unknown}
 h - a potion of heal wounds {unknown}
Comestibles
 c - 2 rations


   Skills:
 + Level 1.2 Fighting
 + Level 1.1 Armour
 - Level 1.5 Dodging
 - Level 1.5 Stealth
 + Level 1.9 Spellcasting
 * Level 4.4 Necromancy


You had 4 spell levels left.
You knew the following spells:

 Your Spells              Type           Power        Failure   Level  Hunger
a - Pain                  Necr           ###.         9%          1    #......

Your spell library contained the following spells:

 Spells                   Type           Power        Failure   Level  Hunger
 Animate Skeleton         Necr           N/A          9%          1    #......
 Vampiric Draining        Necr           ###.......   26%         3    ###....
 Regeneration             Chrm/Necr      #.........   54%         3    ###....
 Animate Dead             Necr           N/A          65%         4    #####..


Dungeon Overview and Level Annotations

Branches:
Dungeon (2/15)

Altars:

Annotations:
D:2 Jessica


Message History

The dart slug launches a dart at you. The slug dart hits you.
You hit the dart slug but do no damage.
The dart slug looks as sick as possible!
The dart slug is severely wounded.
Jessica gestures at you while chanting. Pain shoots through your body!
The dart slug launches a dart at you. The slug dart hits you.
You kill the dart slug!
Jessica gestures at you while chanting. Pain shoots through your body!
You closely miss Jessica. Jessica hits you but does no damage.
You barely miss Jessica. Jessica hits you. Jessica hits you but does no damage.
You hit Jessica.
Jessica is poisoned.
Jessica is lightly wounded.
Jessica hits you but does no damage. Jessica gestures at you while chanting.
Pain shoots through your body!
You die...

### ..# #$#
#.# ## #
##.##.##
...###......#
#......@†..#
#..###..#..#
#.@#..#
...K.....
........# ##
#...#......
.....w....##
#...#.###.#
##.##.###.#


You could see a worm, Jessica and a kobold.

Vanquished Creatures
  2 dart slugs
  A leopard gecko (D:1)
  4 bats (D:1)
  5 goblins (D:1)
  A frilled lizard (D:1)
  3 kobolds (D:1)
  12 rats (D:1)
28 creatures vanquished.

Vanquished Creatures (others)
  A bat (D:2)
1 creature vanquished.

Grand Total: 29 creatures vanquished

Notes
Turn   | Place    | Note
-------+----------+-------------------------------------------
     0 | D:1      | Dycilia the Hill Orc Necromancer began the quest for the
                  | Orb.
     0 | D:1      | Reached XP level 1. HP: 14/14 MP: 3/3
   281 | D:1      | Reached XP level 2. HP: 16/22 MP: 4/4
   900 | D:1      | Reached skill level 1 in Fighting
  1067 | D:1      | Reached skill level 1 in Armour
  1080 | D:1      | Reached XP level 3. HP: 23/28 MP: 5/5
  1375 | D:2      | Noticed Jessica
  1384 | D:2      | Killed from afar by Jessica

Levels and vault maps discovered:
D:1:      erik_arrival_orb_chamber, layout_basic, bh_walls_and_bars
D:2:      layout_loops_ring, first_ration, lemuel_flame_loot_1,
          uniq_crazy_yiuf_cottage, uniq_jessica

Skill      XL: |  1  2 |
---------------+-------+-----
Fighting       | 1 |  1.2
Armour         | 1 |  1.1
Dodging        | |  1.5
Stealth        | |  1.5
Spellcasting   | |  1.9
Necromancy     | |  4.4

Action                   || total
-------------------------++-------
Melee: Dagger            ||    57
 Cast: Pain              ||    14
 Stab: Sleeping          ||     1
  Eat: Chunk             ||     1
Armor: Robe              ||     2
       Ring mail         ||    11
       Scale mail        ||     1
Dodge: Dodged            ||    22

Table legend:
 A = Non-vault XP
 B = Vault XP
 C = Vault XP percentage of total XP
 D = Non-vault monster count
 E = Vault monster count
 F = Vault count percentage of total count
                 A         B        C        D         E       F
            +---------+---------+-------+---------+---------+-------
      Total |      31 |      12 |  27.9 |      16 |      12 |  42.9
            +---------+---------+-------+---------+---------+-------
        D:1 |      27 |      12 |  30.8 |      15 |      12 |  44.4
        D:2 |       4 |       0 |   0.0 |       1 |       0 |   0.0
            +---------+---------+-------+---------+---------+-------
